 Dungeon Crawl Stone Soup version 0.23.2-33-g5129a83184 (webtiles) character file.

Game seed: 592294989250572139

2898 Gwenloh the Slasher (level 10, -4/76 HPs)
             Began as a Human Gladiator on July 9, 2019.
             Was a Follower of Wu Jian.
             Killed by the air
             ... invoked by Gastronok
              (23 damage)
             ... on level 8 of the Dungeon.
             The game lasted 00:22:15 (6316 turns).

Gwenloh the Slasher (Human Gladiator)               Turns: 6316, Time: 00:22:15

Health: -4/76      AC: 15    Str: 15    XL:     10   Next: 6%
Magic:  10/10      EV: 14    Int:  9    God:    Wu Jian [*.....]
Gold:   423        SH:  8    Dex: 21    Spells: 9/9 levels left

rFire    + . .     SeeInvis .   a - +1 long sword (slice)
rCold    . . .     Gourm    .   w - +2 buckler
rNeg     . . .     Faith    .   v - +3 scale mail of Follow the Leader {*Contam Regen+ Stlth+}
rPois    .         Spirit   .   c - +1 helmet
rElec    .         Reflect  .   m - scarf {repulsion}
rCorr    +         Harm     .   B - +2 pair of gloves of Jarhait {Dex+4}
MR       .....                  (no boots)
Stlth    +.........             (no amulet)
HPRegen  0.62/turn              j - ring of resist corrosion
MPRegen  0.12/turn              r - ring of protection from fire

@: slowed, repel missiles, very slow
A: no striking features
a: Renounce Religion


You were on level 8 of the Dungeon.
You worshipped Wu Jian.
Wu Jian was aware of your devotion.
You were not hungry.

You visited 2 branches of the dungeon, and saw 9 of its levels.
You also visited: Ossuary.

You collected 423 gold pieces.

Inventory:

Hand Weapons
 a - a +1 long sword of slicing (weapon)
 e - a +2 dagger of electrocution
 h - a +2 dagger of freezing
 k - a +0 hunting sling
Missiles
 d - 3 throwing nets (quivered)
 l - 93 stones
Armour
 c - a +1 helmet (worn)
 g - the +1 cloak of Benevolence {rF- Int+3}
   (You found it on level 4 of the Dungeon)

   It affects your intelligence (+3).
   It makes you vulnerable to fire.
 m - a scarf of repulsion (worn)
 v - the +3 scale mail of Follow the Leader (worn) {*Contam Regen+ Stlth+}
   (You took it off an orc on level 4 of the Dungeon)

   It causes magical contamination when unequipped.
   It increases your rate of regeneration.
   It makes you more stealthy.
 w - a +2 buckler (worn)
 y - a cursed -1 ring mail
 B - the +2 pair of gloves of Jarhait (worn) {Dex+4}
   (You found it on level 4 of the Dungeon)

   It affects your dexterity (+4).
Jewellery
 j - a ring of resist corrosion (left hand)
 r - a ring of protection from fire (right hand)
 G - a cursed ring of attention {unknown}
Wands
 q - a wand of flame (18)
 x - a wand of digging (11)
 K - a wand of paralysis (10)
Scrolls
 s - 4 scrolls of identify
 t - 2 scrolls of enchant armour
 u - a scroll of fog
 A - 4 scrolls of remove curse
 D - 2 scrolls of fear
 E - 2 scrolls of amnesia
 I - a scroll of enchant weapon
Potions
 b - a potion of mutation {unknown}
 i - 2 potions of flight
 n - 3 potions of curing
 o - 2 potions of brilliance
 p - 2 potions of heal wounds {unknown}
 z - 2 potions of berserk rage
 C - 5 potions of haste {unknown}
 F - 2 potions of might {unknown}
 L - a potion of degeneration {unknown}
Comestibles
 f - 7 rations
 H - a chunk of flesh


   Skills:
 + Level 6.1 Fighting
 + Level 6.6 Long Blades
 - Level 2.0 Throwing
 + Level 5.0 Armour
 + Level 6.5 Dodging
 + Level 6.5 Shields


You had 9 spell levels left.
You didn't know any spells.
Your spell library contained the following spells:

 Spells                   Type           Power        Failure   Level  Hunger
 Beastly Appendage        Tmut           #.....       82%         1    ##.....
 Sandblast                Erth           #.....       82%         1    ##.....
 Passwall                 Tmut/Erth      #.......     91%         2    ###....
 Sticks to Snakes         Tmut           #.......     91%         2    ###....
 Spider Form              Tmut/Pois      #.........   99%         3    ####...
 Stone Arrow              Conj/Erth      #.....       99%         3    ####...
 Ice Form                 Ice/Tmut       #.......     100%        4    #####..
 Petrify                  Tmut/Erth      #.......     100%        4    #####..
 Blade Hands              Tmut           #.........   100%        5    ######.
 Lee's Rapid Deconstruct  Erth           #.........   100%        5    ######.


Dungeon Overview and Level Annotations

Branches:
Dungeon (8/15)             Temple (1/1) D:7
   Lair: D:8-11

Altars:
Dithmenos
Elyvilon
Gozag
Hepliaklqana
Kikubaaqudgha
Makhleb
Qazlal
Trog
Vehumet
Wu Jian
The Shining One

Annotations:
D:7 1 runed translucent door
D:8 Gastronok


Message History

The crimson imp blinks!
You block the hippogriff's attack. The hippogriff pecks you.
* * * LOW HITPOINT WARNING * * *
The hippogriff claws you but does no damage.
You spin and attack the hippogriff.
You slash the hippogriff!
The hippogriff is almost dead.
The hippogriff bites you but does no damage.
The hippogriff closely misses you.
The hippogriff claws you but does no damage.
The hippogriff bites you but does no damage.
The hippogriff pecks you.
* * * LOW HITPOINT WARNING * * *
You block the hippogriff's attack.
Gastronok casts a spell.
You feel sluggish.
The crimson imp disappears for a moment.
You block the crimson imp's attack.
Gastronok waves his eye-stalks in wide circles.
The air twists around and strikes you!
You die...

#....# #....#
#....#####
#<........
#.......#
#......###
##........#
#.......#..
#.##.@..##..
#...5#.......
#......######
#..w.###
#....###########
#............!..
#.....K#########
#....#.##
#....#..#


You could see Gastronok and a crimson imp.

Vanquished Creatures
  2 hippogriffs (D:7)
  An ice beast (D:6)
  A hornet zombie (D:6)
  3 phantoms
  2 centaurs (D:6)
  5 ogres
  A big kobold (D:8)
  2 bullfrogs
  4 water moccasin zombies (Ossuary)
  A scorpion (D:5)
  2 crimson imps
  A centaur zombie (D:6)
  6 hounds
  3 orc priests
  A jelly (D:5)
  4 orc wizards
  A bullfrog skeleton (D:5)
  7 worker ants
  2 big kobold zombies (Ossuary)
  A hound skeleton (D:6)
  2 mummies (Ossuary)
  A howler monkey skeleton (D:4)
  3 gnolls (D:3)
  10 adders
  A shadow imp (D:5)
  An ooze (D:3)
  5 adder zombies
  An adder skeleton (D:7)
  2 dart slugs
  A leopard gecko (D:4)
  14 orcs
  2 ball pythons
  7 bats
  8 giant cockroaches
  6 hobgoblins
  6 jackals
  7 kobolds
  4 frilled lizards
  6 goblins
  6 hobgoblin zombies (Ossuary)
  5 kobold zombies (Ossuary)
  8 orc zombies (Ossuary)
  A quokka zombie (D:5)
  10 rats
167 creatures vanquished.

Notes
Turn   | Place    | Note
-------+----------+-------------------------------------------
     0 | D:1      | Gwenloh the Human Gladiator began the quest for the Orb.
     0 | D:1      | Reached XP level 1. HP: 16/16 MP: 1/1
    92 | D:1      | Reached XP level 2. HP: 22/22 MP: 2/2
   447 | D:1      | Reached XP level 3. HP: 28/28 MP: 3/3
  1206 | D:2      | Reached XP level 4. HP: 34/34 MP: 4/4
  1764 | D:3      | Reached XP level 5. HP: 41/41 MP: 5/5
  2167 | D:4      | Found a burning altar of Makhleb.
  2183 | D:4      | Got a warped cloak
  2210 | D:4      | Identified the +1 cloak of Benevolence {rF- Int+3} (You
                  | found it on level 4 of the Dungeon)
  2340 | D:3      | Reached skill level 1 in Shields
  2706 | D:4      | Identified the +3 scale mail of Follow the Leader {*Contam
                  | Regen+ Stlth+}
  2713 | D:4      | Reached XP level 6. HP: 32/47 MP: 6/6
  2805 | D:4      | Reached skill level 1 in Armour
  2832 | D:4      | Noticed an ogre
  2975 | D:4      | Killed an ogre
  2975 | D:4      | Reached XP level 7. HP: 48/53 MP: 7/7
  3277 | D:4      | Got a pair of polished gloves
  3294 | D:4      | Identified the +2 pair of gloves of Jarhait {Dex+4} (You
                  | found it on level 4 of the Dungeon)
  3321 | D:4      | Reached XP level 8. HP: 57/60 MP: 8/8
  3553 | D:5      | Entered Level 5 of the Dungeon
  3799 | D:5      | Reached skill level 5 in Long Blades
  3840 | D:5      | Reached skill level 5 in Dodging
  4445 | D:6      | Reached skill level 5 in Shields
  4480 | D:6      | Found an ancient bone altar of Kikubaaqudgha.
  4574 | D:6      | Reached XP level 9. HP: 67/67 MP: 9/9
  4599 | D:6      | Reached skill level 5 in Fighting
  5385 | D:7      | Noticed a hippogriff
  5397 | D:7      | Killed a hippogriff
  5496 | D:7      | Found a staircase to the Ecumenical Temple.
  5504 | Temple   | Entered the Ecumenical Temple
  5514 | Temple   | Became a worshipper of the Wu Jian Council
  5611 | D:7      | Found a sand-covered staircase.
  5618 | Ossuary  | Entered an ossuary
  5771 | Ossuary  | Reached * piety under Wu Jian
  5870 | D:7      | Found a white marble altar of Elyvilon.
  5976 | D:7      | Found a runed translucent door.
  5976 | D:7      | Noticed an angel
  5976 | D:7      | Noticed a hippogriff
  5980 | D:7      | Found a white marble altar of Elyvilon.
  5993 | D:7      | Killed a hippogriff
  6129 | D:7      | Found a shadowy altar of Dithmenos.
  6170 | D:7      | Reached XP level 10. HP: 76/76 MP: 10/10
  6219 | D:8      | Noticed a two-headed ogre
  6274 | D:8      | Reached skill level 5 in Armour
  6280 | D:8      | Noticed Gastronok
  6316 | D:8      | Killed from afar by Gastronok

Skill      XL: |  1  2  3  4  5  6  7  8  9 10 |
---------------+-------------------------------+-----
Fighting       | 3 4 6 |  6.1
Dodging        | 4 5 6 |  6.5
Long Blades    | 4 5 6 |  6.6
Shields        | 1 2 3 5 6 |  6.5
Armour         | 1 2 3 4 5 |  5.0
Throwing       | |  2.0

Action                   |  1- 3 |  4- 6 |  7- 9 | 10-12 || total
-------------------------+-------+-------+-------+-------++-------
Melee: Long sword        |    95 |   171 |   482 |    46 ||   794
Invok: Lunge             |       |       |    11 |    10 ||    21
       Whirlwind         |       |       |    10 |    33 ||    43
  Use: Scroll            |     2 |     6 |     6 |       ||    14
       Potion            |       |     2 |       |       ||     2
 Stab: Sleeping          |     1 |       |     2 |       ||     3
  Eat: Chunk             |     1 |     6 |    12 |       ||    19
Armor: Leather armour    |    38 |    11 |       |       ||    49
       Ring mail         |       |    14 |       |       ||    14
       Scale mail        |       |    25 |   154 |    27 ||   206
Dodge: Dodged            |    86 |    99 |   237 |    18 ||   440
       Deflected         |       |     2 |       |       ||     2
Block: Buckler           |       |    44 |   158 |    18 ||   220
       Rpst.: Long sword |    23 |    34 |    67 |     5 ||   129
